 Dungeon Crawl Stone Soup version 0.29-a0-284-gf9362112df (webtiles) character file.

Game seed: 5125012118109466089

35 spaghetti the Sneak (level 3, -3/24 HPs)
             Began as a Demonspawn Earth Elementalist on Mar 20, 2022.
             Was an Initiate of Okawaru.
             Slain by an orc
             ... wielding a +0 flail
              (8 damage)
             ... on level 3 of the Dungeon.
             The game lasted 00:02:39 (1442 turns).

spaghetti the Sneak (Demonspawn Earth Elementalist) Turns: 1442, Time: 00:02:40

Health: -3/24      AC:  4    Str:  8    XL:     3   Next: 16%
Magic:  5/6        EV: 12    Int: 16    God:    Okawaru [......]
Gold:   51         SH:  0    Dex: 15    Spells: 4/7 levels left

rFire   . . .      SeeInvis .   d - +0 whip {mace}
rCold   . . .      Faith    .   (no shield)
rNeg    . . .      Spirit   .   b - +0 robe
rPois   .          Reflect  .   (no helmet)
rElec   .          Harm     .   (no cloak)
rCorr   .          Rampage  .   (no gloves)
Will    .....                   (no boots)
Stlth   ++........              (no amulet)
HPRegen 0.08/turn               (no ring)
MPRegen 0.10/turn               (no ring)

@: attractive
A: slimy green scales 1
a: Renounce Religion


You were on level 3 of the Dungeon.
You worshipped Okawaru.
Okawaru was noncommittal.
You visited 1 branch of the dungeon, and saw 3 of its levels.

You collected 51 gold pieces.


Innate Abilities, Weirdness & Mutations

You are partially covered in slimy green scales. (AC +2)


   Skills:
 - Level 1.7 Dodging
 - Level 3.0 Stealth
 + Level 2.6 Spellcasting
 - Level 0.8 Transmutations
 - Level 2.6 Earth Magic


You had 4 spell levels left.
You knew the following spells:

 Your Spells              Type           Power      Damage    Failure   Level
a - Sandblast             Erth           20%        2d7       6%          1
b - Passwall              Tmut/Erth      5%         N/A       14%         2

Your spell library contained the following spells:

 Spells                   Type           Power      Damage    Failure   Level
 Stone Arrow              Conj/Erth      12%        3d7       32%         3
 Petrify                  Tmut/Erth      7%         N/A       67%         4

Inventory:

Hand Weapons
 d - a +0 whip (weapon) {mace}
   (You took it off a kobold on level 2 of the Dungeon)
Missiles
 a - 48 stones {throwing}
 e - 3 poisoned darts {throwing}
Armour
 b - a +0 robe (worn)
Scrolls
 c - a scroll of vulnerability {unknown}
 g - a scroll of teleportation {unknown}
 j - a scroll of holy word {unknown}
 k - a scroll of noise {unknown}

Dungeon Overview and Level Annotations

Branches:
Dungeon (3/15)

Altars:
Okawaru

#.# ### #.#
... #.### #.#
#... #.###..#
#......#
#...oo.#
##.###o##
.###<..##@#
#.....)...).#
#.####...##.#
........#.#
##......#.#
##########


You could see an orc wizard and 2 orcs.


Message History

The helpless rat fails to defend itself.
You hit the rat.
You kill the rat!
Okawaru accepts your kill.
You see here a +0 mace {mace}.
There is a stone staircase leading down here.
Done exploring.
Done exploring.
(D) Dungeon
Where to? (? - help)
There is a stone staircase leading down here.
You climb downwards.
There is a stone staircase leading up here.
There are monsters nearby!
Unknown command.
Unknown command.
There are monsters nearby!
The helpless goblin fails to defend itself.
You hit the goblin.
The goblin hits you with a +0 dagger. 😕 HP[-1]
You take 1 damage, and now have 23/24 hp.
You hit the goblin.
You kill the goblin!
Okawaru accepts your kill.
Casting: Sandblast (safe; 6% risk of failure)
Confirm with . or Enter, or press ? or * to list all spells.
Aiming: Passwall (safe; 14% risk of failure)
Press: ? - help, Dir - move target A rock wall.
You begin to meditate on the wall.
You continue meditating on the rock. x2
You finish merging with the rock. 😎 HP[+1] MP[-2]
Your hp is fully restored (24).
You lost 2 mp, and now have 4/6 mp.
Unknown command.
Unknown command.
The orc wizard shouts!
The orc shouts! x2
The orc hits you with a +0 flail! The orc closely misses you.
The orc wizard closely misses you. 😮 HP[-7]
You take 7 damage, and now have 17/24 hp.
MASSIVE DAMAGE!! (PAUSE) It was a potion of attraction.
You feel attractive to monsters. The orc hits you but does no damage.
The orc wizard points at you and mumbles some strange words.
You are confused.
The orc barely misses you.
It was a potion of heal wounds.
You feel much better. The orc hits you with a +0 mace.
The orc barely misses you.
The orc wizard barely misses you. 😕 HP[+5]
You regained 5 hp, and now have 22/24 hp.
The orc attacks as you move away!
The orc hits you with a +0 flail! 😮 HP[-7]
You take 7 damage, and now have 15/24 hp.
MASSIVE DAMAGE!! (PAUSE)
You aren't carrying any potions.
You are too confused!
Unknown command.
You're too confused to move!
The orc wizard hits you with a +2 dagger of protection.
The orc barely misses you. x2 😮 HP[-1]
You take 1 damage, and now have 14/24 hp.
Unknown command.
You hit the orc wizard but do no damage.
The orc barely misses you. x2
The orc wizard hits you but does no damage.
Unknown command.
Unknown command.
Unknown command.
You hit the orc. The orc hits you with a +0 mace.
* * * LOW HITPOINT WARNING * * *
The orc wizard closely misses you.
The orc barely misses you. 😨 HP[-4] MP[+1]
You take 4 damage, and now have 10/24 hp.
Unknown command.
Unknown command.
The orc attacks as you move away! The orc barely misses you.
The orc wizard attacks as you move away!
The orc wizard hits you with a +2 dagger of protection.
* * * LOW HITPOINT WARNING * * *
😱 HP[-4]
You take 4 damage, and now have 6/24 hp.
Unknown command.
You're too confused to move!
You feel less confused. The orc hits you with a +0 flail.
* * * LOW HITPOINT WARNING * * *
😱 HP[-2]
You take 2 damage, and now have 4/24 hp.
You barely miss the orc. The orc misses you.
You hit the orc but do no damage. The orc barely misses you.
Unknown command.
Unknown command.
You hit the orc but do no damage.
The orc barely misses you. 😱 HP[+1] Unknown command.
You barely miss the orc. The orc hits you with a +0 flail!
You die...

Skill      XL: |  1  2 |
---------------+-------+-----
Stealth        | 2 3 |  3.0
Dodging        | |  1.7
Spellcasting   | |  2.6
Transmutations | |  0.8
Earth Magic    | |  2.6

Action                   || total
-------------------------++-------
Melee: Whip              ||    23
 Cast: Sandblast         ||    25
       Passwall          ||     1
  Use: Potion            ||     5
 Stab: Sleeping          ||     3
Armor: Robe              ||    10
Dodge: Dodged            ||    30

Levels and vault maps discovered:
D:1:      nzn_arrival_water_spiral, layout_basic,
          shapermc_ecumenical_altar_mp_highgroup, nicolae_wormholes
D:2:      layout_loops_ring, basic_altar
D:3:      layout_loops_ring, grunt_ashenzari_visionary
          [grunt_ashenzari_visionary_shoals, grunt_ashenzari_visionary_spider],
          wad_rectangle_vault, uniq_ijyb

Notes
Turn   | Place    | Note
-------+----------+-------------------------------------------
     0 | D:1      | spaghetti the Demonspawn Earth Elementalist began the quest
                  | for the Orb.
     0 | D:1      | Reached XP level 1. HP: 13/13 MP: 3/3
     0 | D:1      | magus.rc [v1.9.6]
     6 | D:2      | Found an iron altar of Okawaru.
    13 | D:2      | Became a worshipper of Warmaster Okawaru
    20 | D:1      | Reached skill level 2 in Stealth
   272 | D:2      | Gained mutation: You are partially covered in slimy green
                  | scales. (AC +2) [demonic ancestry]
   272 | D:2      | Reached XP level 2. HP: 19/19 MP: 1/5
   924 | D:2      | HP: 4/19 [adder (2)]
   988 | D:2      | Learned a level 2 spell: Passwall
   993 | D:2      | Reached skill level 3 in Stealth
   993 | D:2      | Reached XP level 3. HP: 7/24 MP: 4/6
  1437 | D:3      | HP: 6/24 [orc wizard/+2 dagger of protection (4)]
  1442 | D:3      | Slain by an orc

Vanquished Creatures
  2 adders (D:2)
  2 ball pythons (D:2)
  A bat (D:2)
  An endoplasm (D:2)
  2 goblins
  3 hobgoblins (D:2)
  2 quokkas
  A kobold (D:2)
  2 rats (D:2)
16 creatures vanquished.

Table legend:
 A = Non-vault XP
 B = Vault XP
 C = Vault XP percentage of total XP
 D = Non-vault monster count
 E = Vault monster count
 F = Vault count percentage of total count
                 A         B        C        D         E       F
            +---------+---------+-------+---------+---------+-------
      Total |      50 |       0 |   0.0 |      16 |       0 |   0.0
            +---------+---------+-------+---------+---------+-------
        D:1 |       2 |       0 |   0.0 |       1 |       0 |   0.0
        D:2 |      47 |       0 |   0.0 |      14 |       0 |   0.0
        D:3 |       1 |       0 |   0.0 |       1 |       0 |   0.0
            +---------+---------+-------+---------+---------+-------

Illustrated notes

Table legend:
 A = Kills in this place as a percentage of kills in entire the game.
 B = Kills by you in this place as a percentage of kills by you in the entire game.
 C = Kills by friends in this place as a percentage of kills by friends in the entire game.
 D = Other kills in this place as a percentage of other kills in the entire game.
 E = Experience gained in this place as a percentage of experience gained in the entire game.
 F = Experience gained in this place divided by the number of levels of this place that you have seen.
                   A       B       C       D       E      F
               +-------+-------+-------+-------+-------+----------------------
         Total | 100.0 | 100.0 |   N/A |   N/A | 100.0 |  16.7
       Dungeon | 100.0 | 100.0 |   N/A |   N/A | 100.0 |  16.7
               +-------+-------+-------+-------+-------+----------------------

Table legend: (Time is in decaauts)
 A = Elapsed time spent in this place.
 B = Non-inter-level travel time spent in this place.
 C = Inter-level travel time spent in this place.
 D = Time resting spent in this place.
 E = Time spent auto-exploring this place.
 F = Levels seen in this place.
 G = Mean time per level.
                   A        B        C        D        E       F      G
               +--------+--------+--------+--------+--------+-----+--------+
         Total |   1426 |   1381 |     45 |    461 |    717 |   3 |  475.3 |
       Dungeon |   1426 |   1381 |     45 |    461 |    717 |   3 |  475.3 |
               +--------+--------+--------+--------+--------+-----+--------+

Top non-repeatable levels by time:
     D:2: 1368 daAuts
     D:1: 36 daAuts
     D:3: 21 daAuts
